 Dungeon Crawl Stone Soup version 0.29.1-12-g30fa7ad0bf (webtiles) character file.

Game seed: 3886302819277234578

1 Descartes the Stinger (level 1, 0/12 HPs)
             Began as a Deep Elf Wanderer on Jan 5, 2023.
             Frozen to death by an endoplasm (3 damage)
             ... on level 1 of the Dungeon.
             The game lasted 00:00:40 (29 turns).

Descartes the Stinger (Deep Elf Wanderer)             Turns: 29, Time: 00:00:40

Health: 0/12       AC:  2    Str:  7    XL:     1   Next: 16%
Magic:  6/6        EV: 11    Int: 17    God:
Gold:   0          SH:  4    Dex: 15    Spells: 6/6 levels left

rFire   . . .      SeeInvis .   a - +0 dagger
rCold   . . .      Faith    .   d - +0 buckler
rNeg    . . .      Spirit   .   c - +0 robe
rPois   .          Reflect  .   (no helmet)
rElec   .          Harm     .   (no cloak)
rCorr   .          Rampage  .   (no gloves)
Will    .....                   (no boots)
Stlth   +.........              (no amulet)
HPRegen 0.04/turn               (no ring)
MPRegen 0.10/turn               (no ring)

@: no status effects
A: no striking features
a: no special abilities


You were on level 1 of the Dungeon.
You visited 1 branch of the dungeon, and saw 1 of its levels.

Inventory:

Hand Weapons
 a - a +0 dagger (weapon)
Armour
 c - a +0 robe (worn)
 d - a +0 buckler (worn)
Potions
 b - a potion of brilliance


   Skills:
 + Level 1.5 Fighting
 + Level 1.2 Dodging
 * Level 1.0 Shields
 + Level 3.0 Spellcasting
 - Level 1.1 Summonings
 + Level 0.0 Transmutations
 + Level 0.0 Air Magic
 + Level 3.3 Poison Magic
 + Level 0.0 Evocations


You had 6 spell levels left.
You didn't know any spells.
Your spell library contained the following spells:

 Spells                   Type           Power      Damage    Failure   Level
 Sting                    Tmut/Pois      32%        1d4       12%         1
 Summon Small Mammal      Summ           24%        N/A       16%         1
 Poisonous Vapours        Pois/Air       16%        N/A       19%         2
 Call Canine Familiar     Summ           6%         N/A       41%         3
 Mephitic Cloud           Conj/Pois/Air  6%         N/A       41%         3


Dungeon Overview and Level Annotations

Branches:
Dungeon (1/15)

Altars:


Message History

Welcome, Descartes the Deep Elf Wanderer.
The Orb of Zot is coveted for many reasons.
Will you seize it for your own?
Press ? for a list of commands and other information.
Found a staircase leading out of the dungeon.
You begin with the following items: a +0 dagger, a potion of brilliance, a +0 robe, a +0 buckler; and the following spells available to memorise: Sting, Summon Small Mammal, Poisonous Vapours, Call Canine Familiar, Mephitic Cloud.
Found a dagger.
An endoplasm and a kobold come into view.
The kobold shouts!
The endoplasm quivers.
The kobold moves out of view.
The kobold throws a stone.
The stone hits you but does no damage.
You closely miss the kobold. The kobold hits you with a +0 club.
You hit the kobold.
The kobold is moderately wounded.
You block the kobold's attack.
You closely miss the kobold.
The kobold is moderately wounded.
The kobold barely misses you.
You hit the kobold.
The kobold is heavily wounded.
You block the kobold's attack.
You closely miss the kobold.
The kobold is heavily wounded.
The kobold barely misses you.
You closely miss the kobold.
The kobold is heavily wounded.
The kobold hits you but does no damage.
You hit the kobold but do no damage.
The kobold is heavily wounded.
The kobold hits you with a +0 club.
Unknown command.
You hit the kobold.
You kill the kobold!
You hit the endoplasm but do no damage. The endoplasm hits you.
* * * LOW HITPOINT WARNING * * *
You hit the endoplasm.
The endoplasm is lightly wounded.
The endoplasm freezes you.
You are frozen.
You die...

# # .# #.# .##
#.####.. #......
...... # #.##J# #
#. #.##@# ..#
####.###.##.#.)..#
............!......
###....#######....
#..........# #.
#..##.####.# #..
#.#.<#.# #.
#.#..#.# #.
#.#.##.#


You could see an endoplasm.

Vanquished Creatures
  A kobold (D:1)
1 creature vanquished.

Notes
Turn   | Place    | Note
-------+----------+-------------------------------------------
     0 | D:1      | Descartes the Deep Elf Wanderer began the quest for the
                  | Orb.
     0 | D:1      | Descartes set off with the following items: a +0 dagger, a
                  | potion of brilliance, a +0 robe, a +0 buckler; and the
                  | following spells available to memorise: Sting, Summon Small
                  | Mammal, Poisonous Vapours, Call Canine Familiar, Mephitic
                  | Cloud.
     0 | D:1      | Reached XP level 1. HP: 12/12 MP: 6/6
    29 | D:1      | Frozen to death by an endoplasm

Illustrated notes

Levels and vault maps discovered:
D:1:      zelgadis_glass_arrival_small, layout_basic

Action                   || total
-------------------------++-------
Melee: Dagger            ||    10
Armor: Robe              ||     2
Dodge: Dodged            ||     2
Block: Buckler           ||     2
